[Event "*** Titled Tuesday Blitz"]
[Site "Chess.com"]
[Date "2020.05.12"]
[Round "10"]
[White "nabukatnezarr"]
[Black "kasparicy"]
[Result "0-1"]
[WhiteElo "2488"]
[BlackElo "2332"]
[TimeControl "180+1"]
[EndTime "11:52:52 PDT"]
[Termination "kasparicy won by resignation"]

1. e4 c5 2. Nf3 d6 3. d4 cxd4 4. Nxd4 Nf6 5. Nc3 a6 6. Bg5 Nbd7 7. Qe2 e6 8. O-O-O Qc7 9. f4 Be7 10. g4 b5 11. Bxf6 Bxf6 12. g5 Bxd4 13. Rxd4 O-O 14.
Bg2 Bb7 15. Rhd1 Nc5 16. a3 Rfd8 17. Qd2 Qa5 18. Rxd6 Rdc8 19. Kb1 g6 20. b4 Qxa3 21. bxc5 Qxc5 22. Na2 Qa3 23. Rd3 Qc5 24. Rd7 Bc6 25.
Rd6 a5 26. e5 Bxg2 27. Qxg2 b4 28. Qd2 a4 29. Qd4 Qxc2+ 30. Ka1 b3 31. Qb2 Qxb2+ 32.
Kxb2 Rc2+ 33. Kb1 Rxa2 34. h4 a3 35. h5 gxh5 36. f5 exf5 37. e6 fxe6 38. Rxe6 Rc2 0-1

[Event "*** Titled Tuesday Blitz"]
[Site "Chess.com"]
[Date "2020.05.12"]
[Round "10"]
[White "Snegokhod"]
[Black "Irishchessman16"]
[Result "1-0"]
[WhiteElo "2555"]
[BlackElo "2421"]
[TimeControl "180+1"]
[EndTime "11:52:53 PDT"]
[Termination "Snegokhod won on time"]

1. e4 c5 2. Nf3 Nc6 3. Bb5 e6 4. O-O Nge7 5. c3 a6 6. Ba4 b5 7. Bc2 c4 8. b3 Bb7 9. bxc4 bxc4 10.
Na3 d5 11. exd5 exd5 12. Rb1 Qc7 13. d3 cxd3 14. Qxd3 Ng6 15. Re1+ Be7 16. Qxd5 O-O 17. Qh5 Na5 18. Ng5 Bxg5 19. Qxg5 Qxc3 20. Bb2 Qc6 21. Be4 Qc7 22. h4 Bxe4 23. Rxe4 f6 24. Qd5+ Kh8 25. h5 Rad8 26. Qf5 Ne7 27. Qe6 Nd5 28. h6 gxh6 29. Rd1 Qd7 30. Qxa6 Nc6 31. Nc4 1-0

[Event "*** Titled Tuesday Blitz"]
[Site "Chess.com"]
[Date "2020.05.12"]
[Round "10"]
[White "MaxLeto"]
[Black "arminmusovic"]
[Result "1-0"]
[WhiteElo "2336"]
[BlackElo "2515"]
[TimeControl "180+1"]
[EndTime "11:52:53 PDT"]
[Termination "MaxLeto won by resignation"]

1. d4 d5 2. Bf4 c5 3. dxc5 Nc6 4.
e3 e5 5. Bg3 Bxc5 6. Nf3 f6 7.
Be2 Be6 8. O-O Nge7 9. Nbd2 O-O 10. c4 Rc8 11. a3 a5 12. Rc1 d4 13. Nb3 Ba7 14.
exd4 Nxd4 15. Nfxd4 exd4 16. c5 Nf5 17. Bc4 Bxc4 18.
Rxc4 Qd5 19. Nxa5 Bxc5 20. b4 b6 21. bxc5 bxa5 22. Qc1 h5 23. c6 h4 24. Rc5 h3 25.
Rxd5 Nxg3 26. hxg3 d3 27. Rxd3 h2+ 28. Kxh2 Rf7 29.
Rfd1 Rfc7 30. Rd6 Kh7 31. Qc4 Rh8 32. g4 Kg6+ 33. Kg3 Rhc8 34. Qe4+ Kf7 35. Rd7+ 1-0

[Event "*** Titled Tuesday Blitz"]
[Site "Chess.com"]
[Date "2020.05.12"]
[Round "10"]
[White "Anuar_Is"]
[Black "DanielDardha2005"]
[Result "1-0"]
[WhiteElo "2820"]
[BlackElo "2664"]
[TimeControl "180+1"]
[EndTime "11:52:54 PDT"]
[Termination "Anuar_Is won by resignation"]

1. e4 c5 2. Nf3 Nc6 3. d4 cxd4 4. Nxd4 e5 5. Nb5 Nf6 6. N1c3 d6 7. Bg5 a6 8. Na3 b5 9. Nd5 Be7 10. Bxf6 Bxf6 11. c4 b4 12. Nc2 Bg5 13. g3 O-O 14.
Bg2 Rb8 15. b3 a5 16. O-O Be6 17. Kh1 Rb7 18. Qd3 Nb8 19. f4 exf4 20. gxf4 Bh6 21. Rad1 Na6 22. Qg3 Nc5 23. f5 Bxd5 24. Rxd5 Qg5 25.
Qxd6 Nd7 26. e5 Rc8 27. e6 Nf8 28. f6 Qg6 29. e7 Nd7 30. fxg7 Qxd6 31. Rxd6 Rbc7 32.
Nd4 Bxg7 33. Nb5 Rc5 34. Rxd7 Re8 35. Rd8 Rc8 36. Rxc8 Rxc8 37. Nd6 1-0

[Event "*** Titled Tuesday Blitz"]
[Site "Chess.com"]
[Date "2020.05.12"]
[Round "10"]
[White "Baby_Legs"]
[Black "GothamChess"]
[Result "1-0"]
[WhiteElo "2736"]
[BlackElo "2602"]
[TimeControl "180+1"]
[EndTime "11:52:55 PDT"]
[Termination "Baby_Legs won on time"]

1. d4 e6 2. c4 b6 3. Nf3 Bb7 4. g3 f5 5. Bg2 Nf6 6. O-O g6 7. b3 Bg7 8. Ba3 Ne4 9. Nbd2 d6 10. Nxe4 Bxe4 11. Ne1 Bxg2 12. Nxg2 O-O 13. Rc1 c5 14.
Nf4 Qe7 15. d5 e5 16. Ne6 Re8 17. Bb2 Bf6 18. e4 f4 19. Qg4 Na6 20. Rce1 Nb4 21. Re2 Qf7 22. a3 Na6 23. gxf4 exf4 24. Qxf4 Bxb2 25. Qxf7+ Kxf7 26. Rxb2 Re7 27. f4 Nc7 28. f5 Kg8 29. Rg2 Kh8 30. Rf4 1-0

[Event "*** Titled Tuesday Blitz"]
[Site "Chess.com"]
[Date "2020.05.12"]
[Round "10"]
[White "MITerryble"]
[Black "SamuelGhimpu2003"]
[Result "1-0"]
[WhiteElo "2844"]
[BlackElo "2720"]
[TimeControl "180+1"]
[EndTime "11:52:56 PDT"]
[Termination "MITerryble won by resignation"]

1. e4 e6 2. d4 d5 3. exd5 exd5 4. Nf3 Nf6 5. Bd3 Bd6 6. Qe2+ Qe7 7. Qxe7+ Kxe7 8. O-O Re8 9. Bg5 h6 10. Re1+ Kf8 11.
Bxf6 Rxe1+ 12. Nxe1 gxf6 13. Nd2 Nc6 14. c3 Ne7 15. g3 c6 16. Ng2 Bh3 17. Re1 Re8 18. Nh4 Bd7 19. Ndf3 a5 20. Re3 Kg7 21. Nd2 a4 22. a3 Bc7 23. Kf1 Ng6 24. Rxe8 Bxe8 25. Nf5+ Kh7 26. h4 h5 27. Ke1 Bd7 28. Nf1 Kg8 29.
N1e3 Kf8 30. Be2 Ne7 31. Nxe7 Kxe7 32. Bxh5 f5 33. Ng2 Kf6 34. Kd2 Kg7 35. Ke3 Bd6 36. Nf4 b5 37. Nd3 f6 38. Nc5 Bc8 39. Nd3 Bd7 40.
Nc5 Bxc5 41. dxc5 Kh6 42. Be2 Be6 43. Kf4 Bd7 44. Bd3 Kg6 45. g4 1-0

[Event "*** Titled Tuesday Blitz"]
[Site "Chess.com"]
[Date "2020.05.12"]
[Round "10"]
[White "Yuri202062"]
[Black "Bubachess1608"]
[Result "1-0"]
[WhiteElo "2470"]
[BlackElo "2299"]
[TimeControl "180+1"]
[EndTime "11:52:56 PDT"]
[Termination "Yuri202062 won by resignation"]

1. d4 Nf6 2. c4 e6 3. Nc3 c5 4. d5 exd5 5. cxd5 d6 6. Nf3 g6 7. Bf4 a6 8. a4 Nh5 9. Bg5 Be7 10. Bh6 Bf8 11. Qd2 Bg4 12. Qe3+ Qe7 13. Qxe7+ Bxe7 14. Nd2 Nf6 15. e4 Bc8 16. f3 Nbd7 17. Nc4 Ne5 18.
Nxe5 dxe5 19. a5 Bd7 20. Be2 Bd6 21. Kf2 Ke7 22. Rhc1 Rac8 23. Na4 Kd8 24. Bg5 Ke7 25.
Nb6 Rc7 26. Nc4 h6 27. Bxf6+ Kxf6 28. Nxd6 Rd8 29. Nc4 Bb5 30. Nb6 Kg7 31. Rc2 f5 32.
Rac1 fxe4 33. fxe4 Rf7+ 34. Ke3 Rdf8 35. Bxb5 axb5 36.
Rxc5 g5 37. Rc7 1-0

[Event "*** Titled Tuesday Blitz"]
[Site "Chess.com"]
[Date "2020.05.12"]
[Round "10"]
[White "Enriquack"]
[Black "Rodchenkov_Vitalij"]
[Result "0-1"]
[WhiteElo "2270"]
[BlackElo "2428"]
[TimeControl "180+1"]
[EndTime "11:52:56 PDT"]
[Termination "Rodchenkov_Vitalij won by resignation"]

1. e4 e6 2. d4 d5 3. Nc3 Nf6 4.
Bg5 dxe4 5. Nxe4 Be7 6. Bxf6 gxf6 7. Qd2 b6 8. g3 Bb7 9. Bg2 Nc6 10. O-O-O Qd7 11.
Ne2 O-O-O 12. Kb1 f5 13. Ng5 Bf6 14. d5 Ne5 15. Qf4 Bxd5 16. Bxd5 exd5 17. Nd4 Nc4 18. h4 h6 19. Ngf3 Qd6 20. Qxf5+ Kb7 21. c3 c5 22. Nc2 Rhe8 23. Rhe1 Re6 24. Qh7 Rd7 25. Rxe6 Qxe6 26. Qxh6 Nxb2 27. Re1 Qf5 28. Kxb2 Qxf3 29. Qe3 Qf5 30.
Qe8 d4 31. cxd4 cxd4 32. Nb4 d3+ 33. Kb3 d2 34. Rd1 Qf3+ 35. Ka4 Qxd1+ 0-1

[Event "*** Titled Tuesday Blitz"]
[Site "Chess.com"]
[Date "2020.05.12"]
[Round "10"]
[White "Gromes7"]
[Black "CuattroPrincesses"]
[Result "0-1"]
[WhiteElo "2137"]
[BlackElo "2275"]
[TimeControl "180+1"]
[EndTime "11:52:56 PDT"]
[Termination "CuattroPrincesses won on time"]

1. d4 Nf6 2. g3 g6 3. Bg2 d5 4.
Nf3 Bg7 5. O-O O-O 6. c4 c6 7. b3 dxc4 8. bxc4 c5 9. d5 Ne4 10. Qc2 Bf5 11. Nh4 Bxa1 12. Bxe4 Bxe4 13. Qxe4 Bg7 14.
Bg5 Re8 15. Nd2 h6 16. Be3 Nd7 17. Ndf3 b6 18. Ng2 Nf6 19. Qc2 e6 20. Rd1 exd5 21. cxd5 Qd7 22. Nf4 Rad8 23. d6 g5 24. Nd5 Nxd5 25.
Rxd5 Qe6 26. Qd2 Rd7 27. Bxg5 hxg5 28. Nxg5 Qg6 29. h4 Re5 30. Rxe5 Bxe5 0-1

[Event "*** Titled Tuesday Blitz"]
[Site "Chess.com"]
[Date "2020.05.12"]
[Round "10"]
[White "ShieldingOff"]
[Black "HanSchut"]
[Result "0-1"]
[WhiteElo "2043"]
[BlackElo "2220"]
[TimeControl "180+1"]
[EndTime "11:52:56 PDT"]
[Termination "HanSchut won on time"]

1. d4 Nf6 2. c4 g6 3. Nc3 d5 4.
cxd5 Nxd5 5. Bd2 Bg7 6. e4 Nb6 7. Be3 O-O 8. h3 e5 9. d5 f5 10. f3 fxe4 11. Bxb6 axb6 12. Nxe4 Bf5 13. Ng3 Qh4 14.
Ne2 Bh6 15. Kf2 Nd7 16. d6 c6 17. Qb3+ Kh8 18. Kg1 Nc5 19. Qc3 Bg7 20. Nxf5 gxf5 21.
Kh2 e4 22. Qe3 Rae8 23. f4 Nd3 24. Rb1 Rd8 25. g3 Qf6 26. Nc3 Rxd6 27. Bg2 Rfd8 0-1

[Event "*** Titled Tuesday Blitz"]
[Site "Chess.com"]
[Date "2020.05.12"]
[Round "10"]
[White "vanea_03"]
[Black "oneshot007"]
[Result "1-0"]
[WhiteElo "2634"]
[BlackElo "2420"]
[TimeControl "180+1"]
[EndTime "11:52:57 PDT"]
[Termination "vanea_03 won by resignation"]

1. d4 Nf6 2. c4 g6 3. Nf3 Bg7 4. e3 O-O 5. Be2 d6 6. O-O Re8 7. Nc3 Nbd7 8. Qc2 e5 9. Rd1 c6 10. dxe5 dxe5 11. e4 Qc7 12. h3 Nf8 13. Be3 Ne6 14. c5 Nf4 15. Bf1 h6 16. Kh2 g5 17.
Ng1 Be6 18. g3 Ng6 19. Rd2 Rad8 20. Rad1 Rxd2 21. Rxd2 Rd8 22. Rxd8+ Qxd8 23. Qa4 a6 24.
Bc4 Nf8 25. Nf3 N6d7 26. Nd2 Qe7 27. Qb4 b5 28. Bb3 f5 29. exf5 Bxb3 30. Qxb3+ Kh8 31. Nce4 Nh7 32. Qa3 Nb8 33. Qd3 Nf6 34. Nxf6 Bxf6 35. Ne4 Nd7 36. Kg2 Kg7 37. Kf3 Qf7 38. Kg2 Kf8 39.
Qd6+ Kg7 40. Qxc6 Nf8 41. Qxf6+ Qxf6 42. Nxf6 Kxf6 43. c6 Ke7 44. Bc5+ 1-0

[Event "*** Titled Tuesday Blitz"]
[Site "Chess.com"]
[Date "2020.05.12"]
[Round "10"]
[White "HouseOfDurin"]
[Black "Funkmaus"]
[Result "0-1"]
[WhiteElo "2022"]
[BlackElo "2210"]
[TimeControl "180+1"]
[EndTime "11:52:58 PDT"]
[Termination "Funkmaus won on time"]

1. d4 c6 2. Bg5 d5 3. h4 Nd7 4. e3 Ngf6 5. c4 h6 6. Bf4 Ne4 7. f3 Nef6 8. Nc3 e6 9. g4 Be7 10.
Bd3 dxc4 11. Bxc4 Nd5 12. Bxd5 exd5 13. Bg3 Nb6 14. Nge2 Nc4 15. Kf2 Nxb2 16. Qc2 Nc4 17. e4 Be6 18. exd5 cxd5 19. Nf4 O-O 20. Nxe6 fxe6 21.
Rhe1 Bxh4 22. Rxe6 Bxg3+ 23. Kxg3 Qg5 24. Qe2 Qf4+ 25.
Kg2 Qxd4 26. Nb5 Qxa1 27. Re7 Qf6 28. Rxb7 Rae8 29. Qd3 Kh8 30. Nd4 Ne3+ 31. Kh3 h5 32.
gxh5 Re5 0-1

[Event "*** Titled Tuesday Blitz"]
[Site "Chess.com"]
[Date "2020.05.12"]
[Round "10"]
[White "BakaPG"]
[Black "kirillshevchenko"]
[Result "0-1"]
[WhiteElo "2662"]
[BlackElo "2821"]
[TimeControl "180+1"]
[EndTime "11:52:59 PDT"]
[Termination "kirillshevchenko won by checkmate"]

1. e4 c5 2. Nf3 d6 3. d4 cxd4 4. Nxd4 Nf6 5. Nc3 a6 6. Be3 e5 7. Nb3 Be6 8. Qd2 Nbd7 9. f3 h5 10. Nd5 Bxd5 11. exd5 g6 12. c4 Bg7 13. Na5 Qc7 14. Rc1 e4 15. Be2 exf3 16. gxf3 O-O 17. b4 Rfe8 18. O-O Ne5 19. Kg2 Qe7 20. Rfe1 Neg4 21. fxg4 Qxe3 22. Qxe3 Rxe3 23. Nxb7 Rae8 24. Kf1 Ne4 25. c5 Bc3 26. cxd6 Nd2+ 27. Kf2 Bd4 28. d7 Rxe2+ 29. Kg3 R8e3+ 30. Kf4 Rf3+ 31. Kg5 Be3+ 32. Kh4 Rxh2# 0-1

[Event "*** Titled Tuesday Blitz"]
[Site "Chess.com"]
[Date "2020.05.12"]
[Round "10"]
[White "RubensCezila"]
[Black "Trickov"]
[Result "1-0"]
[WhiteElo "2460"]
[BlackElo "2308"]
[TimeControl "180+1"]
[EndTime "11:52:59 PDT"]
[Termination "RubensCezila won on time"]

1. c4 c6 2. Nc3 d5 3. e3 Nf6 4. Nf3 Bf5 5. b3 e6 6. Bb2 Nbd7 7. d4 h6 8. Bd3 Bxd3 9. Qxd3 Be7 10. O-O O-O 11. e4 dxe4 12. Nxe4 Nxe4 13. Qxe4 Qa5 14.
Rfd1 Bf6 15. Ne5 Rfd8 16. f4 Qb6 17. Kh1 a5 18. Re1 a4 19. Nxf7 Kxf7 20. Qxe6+ Kf8 21. Ba3+ c5 22. Bxc5+ Nxc5 23. Qxb6 Bxd4 24. Qc7 Rd7 25. Qb6 Nxb3 26. Qe6 Nc5 27. Qf5+ Kg8 28. Rad1 b6 29. Qg6 Kh8 30. Re8+ Rxe8 31. Qxe8+ Kh7 32. f5 Rd6 33. Qe2 a3 34. Qg4 1-0

[Event "*** Titled Tuesday Blitz"]
[Site "Chess.com"]
[Date "2020.05.12"]
[Round "10"]
[White "Nikolaj_6"]
[Black "karinachess1"]
[Result "1-0"]
[WhiteElo "2575"]
[BlackElo "2461"]
[TimeControl "180+1"]
[EndTime "11:53:01 PDT"]
[Termination "Nikolaj_6 won on time"]

1. e4 e5 2. Nf3 Nc6 3. Bb5 a6 4. Ba4 Nf6 5. Qe2 b5 6. Bb3 Bc5 7. a4 b4 8. Bxf7+ Kxf7 9. Qc4+ Ke8 10. Qxc5 Nxe4 11. Qe3 Nf6 12. Nxe5 Nxe5 13. Qxe5+ Qe7 14. Qxe7+ Kxe7 15. d3 Bb7 16. f3 a5 17. Bg5 Rhe8 18. Nd2 Kf7+ 19. Kf2 Nd5 20. Nc4 h6 21. Bd2 Ba6 22. b3 Bxc4 23. dxc4 Nf6 24. Rhe1 d5 25. cxd5 Nxd5 26. Rxe8 Rxe8 27. Re1 Rxe1 28. Kxe1 Ke6 29. Ke2 Nb6 30. Kd3 Kd5 31. c4+ bxc3 32. Bxc3 Nd7 33.
Bxg7 h5 34. Bc3 Nc5+ 35. Kc2 Nb7 36. h4 Ke6 37. g4 hxg4 38. fxg4 Kf7 39. h5 Kg8 40. g5 Kh7 41. Kd3 Nc5+ 42. Kc4 Ne4 43. Bxa5 Nxg5 44. Bxc7 Ne6 45. Be5 1-0

[Event "*** Titled Tuesday Blitz"]
[Site "Chess.com"]
[Date "2020.05.12"]
[Round "10"]
[White "Norival"]
[Black "Jbd735"]
[Result "1-0"]
[WhiteElo "2632"]
[BlackElo "2440"]
[TimeControl "180+1"]
[EndTime "11:53:01 PDT"]
[Termination "Norival won on time"]

1. d4 d5 2. c4 c6 3. Nf3 e6 4.
cxd5 exd5 5. Nc3 Nf6 6. Bg5 Be7 7. Qc2 O-O 8. e3 Ne4 9. Bxe7 Qxe7 10. Bd3 f5 11.
Ne5 Nd7 12. f4 Nxe5 13. dxe5 Qc5 14. Ke2 Qb6 15. Na4 Qd8 16. g3 Be6 17. Nc5 Bf7 18. Rhc1 Bh5+ 19. Kf1 Qb6 20. Rab1 Rfe8 21. b4 Rad8 22. Qb2 h6 23. Rc2 Re7 24. Qd4 a5 25. Na4 Qxd4 26. exd4 Ra8 27. b5 cxb5 28. Bxb5 Be8 29.
Nb6 Rd8 30. Nc8 1-0

[Event "*** Titled Tuesday Blitz"]
[Site "Chess.com"]
[Date "2020.05.12"]
[Round "10"]
[White "Parhamov"]
[Black "Radzio1987"]
[Result "1/2-1/2"]
[WhiteElo "3013"]
[BlackElo "2896"]
[TimeControl "180+1"]
[EndTime "11:53:02 PDT"]
[Termination "Game drawn by repetition"]

1. e4 c6 2. d4 d5 3. e5 Bf5 4.
Nc3 Qb6 5. g4 Bd7 6. f4 h5 7. g5 Bf5 8. Nf3 e6 9. Nh4 Ne7 10. a3 Bg4 11. Be2 Bxe2 12. Nxe2 g6 13. b3 c5 14. Be3 Nec6 15. O-O cxd4 16. Nxd4 Nxd4 17. Qxd4 Qxd4 18. Bxd4 Nc6 19. Bf2 Kd7 20. Nf3 Be7 21. Rfd1 Kc7 22. b4 a6 23. c3 Rhc8 24. a4 b6 25. Kf1 Kb7 26. Ke2 Rc7 27. Kd3 Rac8 28. Be1 Nb8 29. Rdb1 Rc4 30. Bd2 Nc6 31.
Rc1 a5 32. b5 Nb8 33. Be3 Nd7 34. Nd2 Nc5+ 35. Bxc5 R4xc5 36. h4 R5c7 37. Rc2 Bc5 38.
Rf1 Bb4 39. Rfc1 Ba3 40. Rb1 Bb4 41. Rbc1 Ba3 42. Rb1 Bb4 43. Rb3 Bc5 44. Rb1 Be7 45.
Rf1 Bc5 46. Nb3 Be7 47. Nd2 Bc5 48. Nb3 Bb4 49. Rfc1 Ba3 50. Ra1 Be7 51. Nd2 Bc5 52. Rf1 Ba3 53. Ra1 Be7 54. Rf1 1/2-1/2

[Event "*** Titled Tuesday Blitz"]
[Site "Chess.com"]
[Date "2020.05.12"]
[Round "10"]
[White "Glidzhian_Gor"]
[Black "nitpicker"]
[Result "1-0"]
[WhiteElo "2443"]
[BlackElo "2267"]
[TimeControl "180+1"]
[EndTime "11:53:03 PDT"]
[Termination "Glidzhian_Gor won on time"]

1. e4 e6 2. d4 d5 3. Nc3 dxe4 4.
Nxe4 Bd7 5. Ng5 h6 6. N5f3 Nf6 7. Ne5 Bc8 8. Ngf3 Be7 9. Nxf7 Kxf7 10. Ne5+ Kg8 11.
Bd3 Nc6 12. O-O Nxe5 13. dxe5 Nd5 14. a3 Bd7 15. c4 Nb6 16. Qg4 a5 17. Rd1 Qe8 18.
Be3 Bf8 19. Bg6 Qe7 20. h4 Be8 21. Bc2 Nd7 22. Bf4 Bf7 23. Rd4 Nb6 24. Rad1 c5 25.
Rd6 Nxc4 26. Rd7 Qe8 27. Rxb7 Bh5 28. Qh3 Bxd1 29. Bxd1 Rd8 30. Bb3 Rd4 31. Be3 Re4 32. Qf3 Rxh4 33. Bf4 1-0

[Event "*** Titled Tuesday Blitz"]
[Site "Chess.com"]
[Date "2020.05.12"]
[Round "10"]
[White "VladimirBugayev"]
[Black "NefeLV"]
[Result "1-0"]
[WhiteElo "2150"]
[BlackElo "1800"]
[TimeControl "180+1"]
[EndTime "11:53:04 PDT"]
[Termination "VladimirBugayev won on time"]

1. e4 e6 2. d4 d5 3. Nd2 c5 4. exd5 exd5 5. Ngf3 Nf6 6. Bb5+ Nc6 7. O-O a6 8. Bxc6+ bxc6 9. Re1+ Be7 10. Qe2 Be6 11.
Ng5 Bf5 12. Nb3 c4 13. Nc5 h6 14. Nf3 Kf8 15. Ne5 Bxc5 16. dxc5 Ne4 17. Nxc6 Qf6 18.
Nb4 Rd8 19. Rd1 d4 20. Qxc4 Nxf2 21. Rf1 Be6 22. Qe2 d3 23. Nxd3 Bc4 24. Rxf2 Qd4 25. Be3 Bxd3 26. cxd3 Qd5 27. d4 Kg8 28. Qf3 Qd7 29. Rd1 h5 30. d5 h4 31. c6 Qc7 32.
d6 Qa5 33. Qxf7+ Kh7 34. Rf5 Rhf8 35. Qh5+ Kg8 36. Rxa5 Rxd6 37. Rxd6 1-0

[Event "*** Titled Tuesday Blitz"]
[Site "Chess.com"]
[Date "2020.05.12"]
[Round "10"]
[White "WiktoriaPOL"]
[Black "krasavetc"]
[Result "1-0"]
[WhiteElo "2011"]
[BlackElo "2242"]
[TimeControl "180+1"]
[EndTime "11:53:04 PDT"]
[Termination "WiktoriaPOL won by checkmate"]

1. c4 Nf6 2. Nc3 e6 3. e4 Be7 4. e5 Ng8 5. Qg4 Kf8 6. d4 d6 7.
Nf3 Nc6 8. Be3 f6 9. exd6 Bxd6 10. Bd3 e5 11. Bf5 Bxf5 12. Qxf5 Nge7 13. Qd3 exd4 14. Nxd4 Nxd4 15. Bxd4 Nc6 16. Be3 Qd7 17. O-O-O Rd8 18. c5 Ne5 19. Qc2 Nc4 20. cxd6 cxd6 21. b3 Nxe3 22.
fxe3 d5 23. Rxd5 Qe7 24. Rxd8+ Qxd8 25. Rd1 Qe7 26. Qd3 g6 27. Qd8+ Qe8 28. Qxe8+ Kxe8 29.
Nd5 Kf7 30. Kb2 Rd8 31. Nc3 Re8 32. Rd7+ Ke6 33. Rxb7 Kf5 34. e4+ Kf4 35. Rxh7 g5 36. Rf7 Re6 37. Nd5+ Kxe4 38. Nxf6+ Kd3 39. Rd7+ Ke2 40.
Nd5 Kf2 41. g3 Kg2 42. h4 g4 43. Nf4+ Kxg3 44. Nxe6 Kxh4 45. Rg7 g3 46. b4 Kh3 47. b5 g2 48. Nf4+ Kh2 49. Nxg2 Kh1 50. a4 Kh2 51. a5 Kh1 52. Ne3 Kh2 53. b6 axb6 54.
axb6 Kh3 55. b7 Kh2 56. b8=Q+ Kh1 57. Qh8# 1-0

[Event "*** Titled Tuesday Blitz"]
[Site "Chess.com"]
[Date "2020.05.12"]
[Round "10"]
[White "Mizner"]
[Black "francyIM"]
[Result "1-0"]
[WhiteElo "2548"]
[BlackElo "2658"]
[TimeControl "180+1"]
[EndTime "11:53:05 PDT"]
[Termination "Mizner won by resignation"]

1. d4 Nf6 2. c4 e6 3. Nc3 Bb4 4. Qc2 d6 5. Bd2 O-O 6. Nf3 a5 7. e3 Nc6 8. Bd3 e5 9. dxe5 dxe5 10. h3 Re8 11. Ng5 h6 12. Nge4 Bxc3 13. Qxc3 Nb4 14.
Nxf6+ Qxf6 15. Be4 Bf5 16. Bxf5 Qxf5 17. O-O Rad8 18. Rad1 Rd3 19. Qc1 Nxa2 20. Qb1 Qd7 21. Bxa5 Rxd1 22. Rxd1 Qa4 23. Bxc7 Nb4 24. Bd6 Nc6 25.
b3 Qa6 26. Qe4 Qb6 27. Qc2 Qa6 28. Rd5 Qa1+ 29. Kh2 Qf1 30. Rd1 1-0

[Event "*** Titled Tuesday Blitz"]
[Site "Chess.com"]
[Date "2020.05.12"]
[Round "10"]
[White "Euwe1234"]
[Black "dianosky"]
[Result "1-0"]
[WhiteElo "2242"]
[BlackElo "2365"]
[TimeControl "180+1"]
[EndTime "11:53:06 PDT"]
[Termination "Euwe1234 won by checkmate"]

1. e4 d6 2. d4 Nf6 3. Nc3 g6 4. Bg5 Bg7 5. e5 dxe5 6. dxe5 Qxd1+ 7. Rxd1 Ng4 8. h3 Nxe5 9. Nd5 O-O 10. Nxc7 Bf5 11.
Nxa8 Bxc2 12. Rd2 Be4 13. Nc7 Nbc6 14. f3 Bf5 15. g4 Bc8 16. Nd5 f6 17. Bf4 e6 18. Ne3 Nf7 19. Bc4 a6 20. Ne2 b5 21.
Bb3 h6 22. Kf2 Kh7 23. h4 e5 24. Bg3 f5 25. gxf5 gxf5 26. f4 Nd4 27. Nxd4 exd4 28. Nc2 Nd6 29. Bd5 Re8 30. Re1 Ne4+ 31. Bxe4 fxe4 32. Nxd4 Bg4 33. Ke3 h5 34. Rc1 b4 35.
Rc7 Kg6 36. f5+ Kf6 37. Bf4 Bf8 38. Bg5+ Ke5 39. Rf7 Bc5 40. Bf4+ Kd5 41. Rd7+ Kc4 42. Rc2# 1-0

[Event "*** Titled Tuesday Blitz"]
[Site "Chess.com"]
[Date "2020.05.12"]
[Round "10"]
[White "PawnEatingZombie"]
[Black "The_Machine04"]
[Result "0-1"]
[WhiteElo "2161"]
[BlackElo "2293"]
[TimeControl "180+1"]
[EndTime "11:53:06 PDT"]
[Termination "The_Machine04 won on time"]

1. d4 d6 2. e4 Nf6 3. Bd3 g6 4.
Nf3 Bg7 5. c3 O-O 6. O-O Nc6 7.
Re1 e5 8. h3 Re8 9. d5 Ne7 10. c4 h6 11. Be3 Nh7 12. c5 f5 13.
cxd6 cxd6 14. Nc3 f4 15. Bd2 g5 16. Nh2 Nf6 17. Be2 Ng6 18. Bh5 Kh7 19. Rc1 a6 20.
Be2 Bd7 21. f3 h5 22. a4 Kg8 23. b4 Kf7 24. a5 Rh8 25. Na4 g4 26. Nb6 gxh3 27.
Nxa8 Qxa8 28. Rc7 hxg2 29. b5 Ke7 30. b6 Ne8 31. Rxd7+ Kxd7 32. Qa4+ Ke7 33. Rc1 Qd8 34. Qc4 Nf8 35. Qc8 Qxc8 36. Rxc8 Nd7 37. Bb4 Nef6 38. Rxh8 Bxh8 39. Kxg2 Nc5 40. Bxc5 dxc5 41. Bc4 Ne8 42.
Kh3 Nd6 0-1

[Event "*** Titled Tuesday Blitz"]
[Site "Chess.com"]
[Date "2020.05.12"]
[Round "10"]
[White "Aygehovit1992"]
[Black "VerdeNotte"]
[Result "1-0"]
[WhiteElo "2703"]
[BlackElo "2861"]
[TimeControl "180+1"]
[EndTime "11:53:09 PDT"]
[Termination "Aygehovit1992 won by resignation"]

1. e4 c5 2. Nc3 a6 3. Nf3 d6 4.
d4 cxd4 5. Nxd4 g6 6. Be3 Bg7 7. Qd2 Bd7 8. h4 Nf6 9. f3 Nc6 10. O-O-O Rc8 11. Kb1 Ne5 12. g4 Qa5 13. h5 Nxf3 14.
Nxf3 Rxc3 15. h6 Bxh6 16. Bxh6 Be6 17. Qxc3 Qxa2+ 18. Kc1 Qa1+ 19. Kd2 Nxe4+ 20. Ke3 Nxc3 21. Rxa1 Nd5+ 22. Kf2 Bxg4 23. Bc4 Nb6 24. Bb3 Kd7 25. Ng5 f6 26. Nf7 Rc8 27. Be3 Nc4 28. Rxh7 Be6 29. Nh6 Nxb2 30. Bd4 Nd3+ 31. cxd3 Bxb3 32. Bxf6 Rf8 33.
Rxe7+ Kc6 34. Ng4 Kb5 35. Rb1 Ka4 36. Rxb7 Ba2 37. Ra1 Ka3 38. Ke1 Re8+ 39. Kd2 Re5 1-0

[Event "*** Titled Tuesday Blitz"]
[Site "Chess.com"]
[Date "2020.05.12"]
[Round "10"]
[White "attack2mateU"]
[Black "etesungam"]
[Result "1-0"]
[WhiteElo "2637"]
[BlackElo "2464"]
[TimeControl "180+1"]
[EndTime "11:53:09 PDT"]
[Termination "attack2mateU won by checkmate"]

1. e4 e5 2. Nf3 Nc6 3. Bb5 Nf6 4.
O-O Nxe4 5. Re1 Nd6 6. Nxe5 Be7 7. Bf1 O-O 8. d4 Nxe5 9. dxe5 Nf5 10. Nc3 d6 11. Bf4 Be6 12. Nd5 dxe5 13. Nxe7+ Qxe7 14. Bxe5 Rad8 15. Qf3 Qg5 16. Qxb7 Bd5 17. Qxa7 h5 18. Rad1 h4 19. h3 c6 20. c4 Ra8 21. Qc5 Be6 22. a3 Ra6 23. Re4 Rfa8 24. Rg4 Qh5 25. Qb4 f6 26.
Bxf6 Kf7 27. Rxg7+ Kxf6 28. Qc3+ Nd4 29. Qxd4+ Kf5 30. Bd3# 1-0

[Event "*** Titled Tuesday Blitz"]
[Site "Chess.com"]
[Date "2020.05.12"]
[Round "10"]
[White "Azoulas1"]
[Black "Juanovic"]
[Result "1-0"]
[WhiteElo "1950"]
[BlackElo "2162"]
[TimeControl "180+1"]
[EndTime "11:53:12 PDT"]
[Termination "Azoulas1 won by resignation"]

1. e4 c5 2. Nf3 d6 3. d4 cxd4 4. Nxd4 Nf6 5. Nc3 g6 6. f3 Bg7 7. Be3 Nc6 8. Qd2 O-O 9. O-O-O d5 10. exd5 Nxd5 11. Nxc6 bxc6 12. Bd4 Nxc3 13. Qxc3 Bxd4 14. Rxd4 Qb6 15. Bc4 Rb8 16. h4 e5 17. Re4 Re8 18. h5 Bf5 19. hxg6 Bxg6 20. Rxe5 Rxe5 21. Qxe5 Rd8 22.
Bb3 Qf2 23. Qe1 Qxg2 24. Rg1 Qxf3 25. Qe7 Qf4+ 26. Kb1 Qd6 27. Qxf7+ Kh8 28. Qf1 Rf8 29. Qc1 Qf4 30. Qd1 Qf2 31. a3 c5 32. Ka2 Qd4 33. Qxd4+ cxd4 34. Rd1 Rf4 35. Bc4 h5 36. Bd3 Kg7 37. Rg1 Rg4 38. Rh1 Bxd3 39. cxd3 Kg6 40.
Kb3 Kg5 41. Kc4 h4 42. b4 Rf4 43. a4 Kg4 44. b5 Kg3 45. a5 h3 46. Rb1 Kg2 47. b6 axb6 48. axb6 Rf1 49. Rxf1 Kxf1 50. b7 h2 51. b8=Q h1=Q 52. Qb1+ 1-0

[Event "*** Titled Tuesday Blitz"]
[Site "Chess.com"]
[Date "2020.05.12"]
[Round "10"]
[White "kleinebeer98"]
[Black "TigrVShlyape"]
[Result "1-0"]
[WhiteElo "2690"]
[BlackElo "2815"]
[TimeControl "180+1"]
[EndTime "11:53:13 PDT"]
[Termination "kleinebeer98 won by resignation"]

1. e4 c5 2. Nf3 e6 3. d4 cxd4 4.
Nxd4 a6 5. Qd3 Nf6 6. Be2 d6 7. Nc3 b5 8. O-O Bb7 9. a3 Nbd7 10. Qg3 h5 11. Bg5 Qb6 12. Rad1 Be7 13. Qh4 Rc8 14. Kh1 g6 15. f4 Rg8 16. e5 Rxc3 17. exf6 Re3 18.
fxe7 f6 19. Bxf6 e5 20. fxe5 dxe5 21. Bf3 Bxf3 22. Nxf3 Nxf6 23. Nxe5 g5 24. Rxf6 Qxf6 25. Qd4 Qxe7 26. Qxe3 1-0